Map: Kairos Junction LE

Players

HoRNET - Winner!

  • Race: Terran Terran
  • League: Platinum
  • Spawn Location: 5:00

RobotWizard

  • Race: Terran Terran
  • League: Gold
  • Spawn Location: 11:00

VOD

Have the link to the VOD?

Description

Time

  • Played on: Dec. 15, 2018, 3:55 p.m.
  • Length: 7:25
Show
View Real Time Build Order
Export as new Build Order

HoRNET Terran - Winner!

Build Orders:  

Get SALT Encoding   

  12  0:01  SCV  
  13  0:13  Refinery  
  13  0:16  SCV  
  15  0:28  SCV  
  15  0:31  Supply Depot  
  15  0:53  SCV  
  15  0:54  Barracks  
  16  1:05  SCV  
  16  1:10  Supply Depot  
  17  1:20  SCV  
  17  1:22  Refinery  
  18  1:32  SCV  
  19  1:44  Reaper, SCV  
  21  1:47  Factory  
  20  1:57  Orbital Command  
  20  2:19  Ghost Academy  
  20  2:26  Barracks Tech Lab  
  20  2:33  Supply Depot  
  20  2:40  Starport  
  20  2:44  Factory Tech Lab  
  20  3:04  Siege Tank  
  23  3:07  SCV  
  23  3:12  Supply Depot  
  24  3:21  Ghost  
  24  3:25  SCV  
  27  3:35  Viking  
  29  3:44  SCV  
  30  3:48  Siege Tank  
  30  3:53  Marine  
  34  3:57  SCV  
  34  4:01  Supply Depot  
  35  4:10  Ghost  
  37  4:18  SCV  
  37  4:23  Widow Mine  
  40  4:43  Liberator  
  40  4:52  Marine  
  41  4:56  SCV  
  41  4:57  Barracks  
  41  4:58  Supply Depot, Nuke, Barracks  
  45  5:10  Marine  
  46  5:34  SCV  
  47  5:42  Command Center  
  47  5:46  SCV  
  48  5:51  Marine x2  
  48  5:52  Marine  
  48  6:27  Marine  
  48  6:28  Marine x2  
  51  6:34  Siege Tank  
  52  6:45  Marine x2  
  52  6:46  Marine  
Show
View Real Time Build Order
Export as new Build Order

RobotWizard Terran 

Build Orders:  

Get SALT Encoding   

  12  0:01  SCV  
  13  0:14  SCV  
  14  0:23  Supply Depot  
  14  0:26  SCV  
  15  0:35  Refinery  
  15  0:44  SCV  
  15  0:48  Barracks  
  16  0:56  SCV  
  17  1:09  SCV  
  17  1:20  Barracks  
  17  1:21  SCV  
  18  1:30  Barracks  
  18  1:33  SCV  
  18  1:38  Marine  
  20  1:55  Supply Depot  
  20  1:56  SCV, Marine  
  22  2:08  SCV  
  23  2:16  Marine x2  
  25  2:24  Marine, Refinery  
  26  2:30  Supply Depot  
  26  2:34  Marine  
  27  2:38  Orbital Command  
  27  2:42  Marine  
  28  3:04  Barracks Tech Lab  
  28  3:12  Factory  
  28  3:17  Barracks Reactor, Marine  
  29  3:22  SCV  
  29  3:26  Stimpack  
  30  3:33  Engineering Bay  
  30  3:34  SCV  
  31  3:45  Barracks Reactor  
  31  3:46  SCV  
  31  3:47  Marine  
  33  3:48  Engineering Bay  
  33  3:59  SCV  
  34  4:03  Factory Tech Lab  
  34  4:08  Starport  
  34  4:12  Terran Infantry Armor Level 1  
  34  4:13  Marine x2  
  36  4:21  Missile Turret  
  36  4:28  Siege Tank  
  36  4:30  Missile Turret  
  39  4:57  Missile Turret  
  39  5:04  Missile Turret  
  39  5:08  Viking  
  39  5:38  Siege Tank  
  42  5:46  Marine x2, Supply Depot  
  42  5:47  Marine x2  
  47  5:52  Marine  
  38  6:04  Marine  
  37  6:18  Siege Tank  
  30  6:27  Viking  
  30  6:29  Marine x3  
  8  7:09  SCV  
Tags
 
Add a new tag
Caveats
  • Supply blocks, unpowered buildings, or Contaminate may cause inaccurate times.
  • Supply counts are checked every 10 seconds.